BSA
LOS CABOS CARTEL @ SO CAL HENVY
10/08/2025
 
TOP OF THE 1ST
Los Cabos Cartel batting - Pitching for Los Angeles Bruins : RHP Juan González
Pitching: RHP Juan González
Batting: LHB Luis González 0-0: Called Strike
0-1: Ball
1-1: Swinging Strike
1-2: Foul Ball, location: 2F
1-2: Foul Ball, location: 2F
1-2: Fly out, F5 (Popup, 5SF)
Batting: SHB Julián Madrid 0-0: SINGLE (Groundball, 6M)
Batting: LHB Marc Brown 0-0: Called Strike
0-1: Swinging Strike
0-2: Ball
1-2: Foul Ball, location: 2F
1-2: Strikes out swinging
Batting: LHB Miguel Rivería 0-0: Ball
1-0: Ball
2-0: Called Strike
2-1: Foul Ball, location: 2F
2-2: Strikes out looking
Top of the 1st over - 0 run(s), 1 hit(s), 0 error(s), 1 left on base; Los Cabos 0 - Los Angeles 0
BOTTOM OF THE 1ST
Los Angeles Bruins batting - Pitching for Los Cabos Cartel : RHP Dillon Nelson
Pitching: RHP Dillon Nelson
Batting: LHB Francisco Vega 0-0: Ball
1-0: Ball
2-0: Called Strike
2-1: Fly out, F7 (Flyball, 78M)
Batting: SHB Miguel González 0-0: Foul Ball, location: 2F
0-1: Ball
1-1: Foul Ball, location: 2F
1-2: Foul Ball, location: 2F
1-2: Ball
2-2: Ball
3-2: Foul Ball, location: 2F
3-2: Ground out 4-3 (Groundball, 13)
Batting: LHB César Valentín 0-0: Ball
1-0: Foul Ball, location: 2F
1-1: Fly out, F7 (Flyball, 7LMF)
Bottom of the 1st over - 0 run(s), 0 hit(s), 0 error(s), 0 left on base; Los Cabos 0 - Los Angeles 0
TOP OF THE 2ND
Los Cabos Cartel batting - Pitching for Los Angeles Bruins : RHP Juan González
Batting: LHB Matt Smith 0-0: Called Strike
0-1: Ball
1-1: Swinging Strike
1-2: Ball
2-2: Strikes out swinging
Batting: LHB Manny Quiñones 0-0: Called Strike
0-1: Fly out, F7 (Popup, 56D)
Batting: RHB John Pick 0-0: Called Strike
0-1: Ball
1-1: Fly out, F7 (Flyball, 7M)
Top of the 2nd over - 0 run(s), 0 hit(s), 0 error(s), 0 left on base; Los Cabos 0 - Los Angeles 0
BOTTOM OF THE 2ND
Los Angeles Bruins batting - Pitching for Los Cabos Cartel : RHP Dillon Nelson
Batting: RHB Earl Wiggins 0-0: Fly out, F8 (Flyball, 8RM)
Batting: LHB José Antonio Santiago 0-0: Called Strike
0-1: Foul Ball, location: 2F
0-2: Ball
1-2: Strikes out swinging
Batting: RHB Morgan Gibbon 0-0: Called Strike
0-1: Ball
1-1: Called Strike
1-2: Ball
2-2: Strikes out swinging
Bottom of the 2nd over - 0 run(s), 0 hit(s), 0 error(s), 0 left on base; Los Cabos 0 - Los Angeles 0
TOP OF THE 3RD
Los Cabos Cartel batting - Pitching for Los Angeles Bruins : RHP Juan González
Batting: SHB Luis González 0-0: SINGLE (Groundball, 56D)
Batting: RHB Víctor Solano 0-0: Ball
1-0: Ball
2-0: Called Strike
2-1: Swinging Strike
2-2: Foul Ball, location: 2F
2-2: Ball
3-2: Foul Ball, location: 2F
3-2: SINGLE (Line Drive, 34D)
Luis González to second
Batting: LHB Luis González 0-0: Grounds into double play, U4-3 (Groundball, 4)
Luis González to third
Batting: SHB Julián Madrid 0-0: Foul Ball, location: 2F
0-1: Ball
1-1: Foul Ball, location: 2F
1-2: Ball
2-2: Foul Ball, location: 2F
2-2: Foul Ball, location: 2F
2-2: Foul Ball, location: 2F
2-2: Ball
3-2: Foul Ball, location: 2F
3-2: Base on Balls
Batting: LHB Marc Brown 0-0: Swinging Strike
0-1: Ball
1-1: Ball
2-1: Reached on error, E3 (Groundball, 3L)
Luis González scores
Julián Madrid to second
Batting: LHB Miguel Rivería 0-0: Reached on error, E1 (Groundball, 13)
Julián Madrid to third
Marc Brown to second
Batting: LHB Matt Smith 0-0: Ground out U3 (Groundball, 3S)
Top of the 3rd over - 1 run(s), 2 hit(s), 2 error(s), 3 left on base; Los Cabos 1 - Los Angeles 0
BOTTOM OF THE 3RD
Los Angeles Bruins batting - Pitching for Los Cabos Cartel : RHP Dillon Nelson
Batting: LHB Jerry Bryan 0-0: Ball
1-0: Ball
2-0: Foul Ball, location: 2F
2-1: Ball
3-1: SINGLE (Line Drive, 56D)
Batting: RHB Rubén Calderón 0-0: Ball
1-0: Foul Ball, location: 2F
1-1: Ball
2-1: Fly out, F5 (Line Drive, 5)
Batting: LHB Al Mills 0-0: Ball
1-0: Ball
2-0: Ball
3-0: Called Strike
3-1: Called Strike
3-2: Strikes out swinging
Batting: LHB Francisco Vega 0-0: Swinging Strike
0-1: Ball
1-1: 2-RUN HOME RUN (Line Drive, 89XD), Distance : 412 ft
Batting: SHB Miguel González 0-0: Foul Ball, location: 2F
0-1: Foul Ball, location: 2F
0-2: Ball
1-2: Foul Ball, location: 2F
1-2: Ground out 4-3 (Groundball, 4)
Bottom of the 3rd over - 2 run(s), 2 hit(s), 0 error(s), 0 left on base; Los Cabos 1 - Los Angeles 2
TOP OF THE 4TH
Los Cabos Cartel batting - Pitching for Los Angeles Bruins : RHP Juan González
Batting: LHB Manny Quiñones 0-0: Ball
1-0: Ball
2-0: Ground out 6-3 (Groundball, 6)
Batting: RHB John Pick 0-0: Ball
1-0: Ball
2-0: Swinging Strike
2-1: Called Strike
2-2: Ground out 6-3 (Groundball, 6M)
Batting: SHB Luis González 0-0: Ball
1-0: Foul Ball, location: 2F
1-1: Ball
2-1: Foul Ball, location: 2F
2-2: Foul Ball, location: 2F
2-2: Foul Ball, location: 2F
2-2: Ball
3-2: Foul Ball, location: 2F
3-2: DOUBLE (Flyball, 89XD)
Batting: RHB Víctor Solano 0-0: Foul Ball, location: 2F
0-1: SINGLE (Groundball, 4MD)
Luis González to third
Runner from 3rd tries for Home, SAFE, no throw or cutoff
Batting: LHB Luis González 0-0: Ball
1-0: Ball
2-0: Ball
3-0: Called Strike
3-1: Called Strike
3-2: Foul Ball, location: 2F
3-2: Foul Ball, location: 2F
3-2: Foul Ball, location: 2F
3-2: Foul Ball, location: 2F
3-2: TRIPLE (Flyball, 8LD)
Víctor Solano scores
Batting: SHB Julián Madrid 0-0: Ball
1-0: 2-RUN HOME RUN (Flyball, 8RXD), Distance : 415 ft
Batting: LHB Marc Brown 0-0: Swinging Strike
0-1: Ball
1-1: Ball
2-1: Foul Ball, location: 2F
2-2: Foul Ball, location: 2F
2-2: SINGLE (Groundball, 34D)
Batting: LHB Miguel Rivería 0-0: Ball
1-0: Fly out, F8 (Popup, 89S)
Top of the 4th over - 4 run(s), 5 hit(s), 0 error(s), 1 left on base; Los Cabos 5 - Los Angeles 2
BOTTOM OF THE 4TH
Los Angeles Bruins batting - Pitching for Los Cabos Cartel : RHP Dillon Nelson
Batting: LHB César Valentín 0-0: Foul Ball, location: 2F
0-1: Ball
1-1: Swinging Strike
1-2: Foul Ball, location: 2F
1-2: Foul Ball, location: 2F
1-2: Foul Ball, location: 2F
1-2: Ball
2-2: Fly out, F9 (Flyball, 89D)
Batting: RHB Earl Wiggins 0-0: Called Strike
0-1: Ball
1-1: Ball
2-1: Ball
3-1: Swinging Strike
3-2: Foul Ball, location: 2F
3-2: Fly out, F8 (Flyball, 8LM)
Batting: LHB José Antonio Santiago 0-0: Ball
1-0: Ball
2-0: Ball
3-0: Base on Balls
Batting: RHB Morgan Gibbon 0-0: Called Strike
0-1: Ball
1-1: Foul Ball, location: 2F
1-2: Foul Ball, location: 2F
1-2: Foul Ball, location: 2F
1-2: Ground out 5-3 (Groundball, 56)
Bottom of the 4th over - 0 run(s), 0 hit(s), 0 error(s), 1 left on base; Los Cabos 5 - Los Angeles 2
TOP OF THE 5TH
Los Cabos Cartel batting - Pitching for Los Angeles Bruins : RHP Juan González
Batting: LHB Matt Smith 0-0: Ball
1-0: Foul Ball, location: 2F
1-1: Called Strike
1-2: Ground out 4-3 (Groundball, 4M)
Batting: LHB Manny Quiñones 0-0: Ball
1-0: DOUBLE (Line Drive, 89D)
Batting: RHB John Pick 0-0: Called Strike
0-1: Ground out 5-3 (Groundball, 5D)
Batting: SHB Luis González 0-0: Foul Ball, location: 2F
0-1: Fly out, F7 (Flyball, 78D)
Top of the 5th over - 0 run(s), 1 hit(s), 0 error(s), 1 left on base; Los Cabos 5 - Los Angeles 2
BOTTOM OF THE 5TH
Los Angeles Bruins batting - Pitching for Los Cabos Cartel : RHP Dillon Nelson
Batting: LHB Jerry Bryan 0-0: Ball
1-0: Ball
2-0: Swinging Strike
2-1: Ball
3-1: Called Strike
3-2: Fly out, F8 (Popup, 4MD)
Batting: RHB Rubén Calderón 0-0: Ball
1-0: Swinging Strike
1-1: Ball
2-1: Ball
3-1: Ground out 6-3 (Groundball, 6)
Batting: LHB Al Mills 0-0: Fly out, F3 (Popup, 3SF)
Bottom of the 5th over - 0 run(s), 0 hit(s), 0 error(s), 0 left on base; Los Cabos 5 - Los Angeles 2
TOP OF THE 6TH
Los Cabos Cartel batting - Pitching for Los Angeles Bruins : RHP Juan González
Pitching: RHP Juan Flores
Batting: RHB Víctor Solano 0-0: Ball
1-0: Fly out, F7 (Flyball, 78S)
Batting: LHB Luis González 0-0: Ground out 4-3 (Groundball, 4)
Batting: SHB Julián Madrid 0-0: Swinging Strike
0-1: Foul Ball, location: 2F
0-2: Fly out, F7 (Flyball, 7S)
Top of the 6th over - 0 run(s), 0 hit(s), 0 error(s), 0 left on base; Los Cabos 5 - Los Angeles 2
BOTTOM OF THE 6TH
Los Angeles Bruins batting - Pitching for Los Cabos Cartel : RHP Dillon Nelson
Batting: LHB Francisco Vega 0-0: Fly out, F6 (Popup, 7S)
Batting: SHB Miguel González 0-0: Ball
1-0: Ball
2-0: Ground out U3 (Groundball, 3S)
Batting: LHB César Valentín 0-0: Foul Ball, location: 2F
0-1: Fly out, F7 (Flyball, 8LM)
Bottom of the 6th over - 0 run(s), 0 hit(s), 0 error(s), 0 left on base; Los Cabos 5 - Los Angeles 2
TOP OF THE 7TH
Los Cabos Cartel batting - Pitching for Los Angeles Bruins : RHP Juan Flores
Batting: LHB Marc Brown 0-0: Swinging Strike
0-1: Swinging Strike
0-2: Ball
1-2: Ball
2-2: Ball
3-2: Foul Ball, location: 2F
3-2: Strikes out swinging
Batting: LHB Miguel Rivería 0-0: Ball
1-0: Ball
2-0: DOUBLE (Line Drive, 9D)
Batting: LHB Matt Smith 0-0: Ball
1-0: Swinging Strike
1-1: DOUBLE (Line Drive, 7LD)
Miguel Rivería scores
Batting: LHB Manny Quiñones 0-0: Intentional Walk
Batting: RHB John Pick 0-0: Foul Ball, location: 2F
0-1: Swinging Strike
0-2: Ball
1-2: Foul Ball, location: 2F
1-2: Foul Ball, location: 2F
1-2: Ball
2-2: Foul Ball, location: 2F
2-2: Grounds into double play, 5-4-3 (Groundball, 56)
Top of the 7th over - 1 run(s), 2 hit(s), 0 error(s), 1 left on base; Los Cabos 6 - Los Angeles 2
BOTTOM OF THE 7TH
Los Angeles Bruins batting - Pitching for Los Cabos Cartel : RHP Dillon Nelson
Batting: RHB Earl Wiggins 0-0: Fly out, F9 (Popup, 4D)
Batting: LHB José Antonio Santiago 0-0: SINGLE (Groundball, 4MD)
Batting: RHB Morgan Gibbon 0-0: Ball
1-0: Fly out, F9 (Flyball, 89D)
Runner from 1st tags up, SAFE at 2nd
Batting: LHB Jerry Bryan 0-0: Called Strike
0-1: SINGLE (Groundball, 34D)
José Antonio Santiago to third
Runner from 3rd tries for Home, SAFE, no throw or cutoff
Batting: RHB Rubén Calderón 0-0: Called Strike
0-1: SINGLE (Line Drive, 78S)
Jerry Bryan to second
Batting: LHB Al Mills 0-0: Ball
1-0: Ball
2-0: Ball
3-0: Called Strike
3-1: Base on Balls
Jerry Bryan to third
Rubén Calderón to second
Batting: LHB Francisco Vega 0-0: Ball
1-0: SINGLE (Line Drive, 56D)
Jerry Bryan scores
Rubén Calderón to third
Al Mills to second
Runner from 3rd tries for Home, SAFE, no throw or cutoff
Pitching: LHP António Martínez
Batting: SHB Miguel González 0-0: Ball
1-0: Fielders Choice at 2nd, U6 (Groundball, 6M)
Bottom of the 7th over - 3 run(s), 4 hit(s), 0 error(s), 2 left on base; Los Cabos 6 - Los Angeles 5
TOP OF THE 8TH
Los Cabos Cartel batting - Pitching for Los Angeles Bruins : RHP Juan Flores
Pitching: RHP António Juárez
Batting: SHB Luis González 0-0: Called Strike
0-1: Ball
1-1: Ball
2-1: Foul Ball, location: 2F
2-2: Ground out 4-3 (Groundball, 4S)
Batting: RHB Víctor Solano 0-0: Called Strike
0-1: Swinging Strike
0-2: Ground out 6-3 (Groundball, 6M)
Batting: LHB Luis González 0-0: SINGLE (Line Drive, 34)
Batting: SHB Julián Madrid 0-0: Ball
1-0: Called Strike
1-1: SINGLE (Line Drive, 3D)
Luis González to second
Throwing error, E9
Luis González scores
Julián Madrid to second
Batting: LHB Marc Brown 0-0: 2-RUN HOME RUN (Flyball, 9D), Distance : 345 ft
Pitching: RHP Flint Gray
Batting: LHB Miguel Rivería 0-0: Foul Ball, location: 2F
0-1: Foul Ball, location: 2F
0-2: Ball
1-2: Ball
2-2: Ground out 4-3 (Groundball, 4M)
Top of the 8th over - 3 run(s), 3 hit(s), 1 error(s), 0 left on base; Los Cabos 9 - Los Angeles 5
BOTTOM OF THE 8TH
Los Angeles Bruins batting - Pitching for Los Cabos Cartel : LHP António Martínez
Batting: LHB César Valentín 0-0: Swinging Strike
0-1: Ball
1-1: Foul Ball, location: 2F
1-2: Foul Ball, location: 2F
1-2: Ball
2-2: Foul Ball, location: 2F
2-2: Foul Ball, location: 2F
2-2: DOUBLE (Line Drive, 8RS)
Batting: RHB Earl Wiggins 0-0: Foul Ball, location: 2F
0-1: Ball
1-1: Foul Ball, location: 2F
1-2: Strikes out swinging
Batting: LHB José Antonio Santiago 0-0: Swinging Strike
0-1: Ball
1-1: Ball
2-1: Ball
3-1: Base on Balls
Pitching: RHP Yajirobei Endo
Batting: RHB Morgan Gibbon 0-0: Grounds into double play, 6-4-3 (Groundball, 6)
Bottom of the 8th over - 0 run(s), 1 hit(s), 0 error(s), 1 left on base; Los Cabos 9 - Los Angeles 5
TOP OF THE 9TH
Los Cabos Cartel batting - Pitching for Los Angeles Bruins : RHP Flint Gray
Pitching: RHP Joe Cameron
Batting: LHB Matt Smith 0-0: Foul Ball, location: 2F
0-1: SINGLE (Line Drive, 89S)
Batting: LHB Manny Quiñones 0-0: Bunted foul
0-1: Sac Bunt - play at second, runner OUT! 2-6
Batting: RHB John Pick 0-0: Ball
1-0: Ground out 4-3 (Groundball, 4M)
Manny Quiñones to second
Batting: SHB Luis González 0-0: Fly out, F2 (Popup, 5SF)
Top of the 9th over - 0 run(s), 1 hit(s), 0 error(s), 1 left on base; Los Cabos 9 - Los Angeles 5
BOTTOM OF THE 9TH
Los Angeles Bruins batting - Pitching for Los Cabos Cartel : RHP Yajirobei Endo
Pitching: RHP Rex Welch
Batting: LHB Jerry Bryan 0-0: Ball
1-0: Ball
2-0: Called Strike
2-1: Ball
3-1: Base on Balls
Batting: RHB Rubén Calderón 0-0: Foul Ball, location: 2F
0-1: Ball
1-1: Ball
2-1: Fly out, F4 (Popup, 3D)
Batting: LHB Al Mills 0-0: Ground out 4-3 (Groundball, 4M)
Jerry Bryan to second
Batting: LHB Francisco Vega 0-0: Called Strike
0-1: Ground out 4-3 (Groundball, 4M)
Bottom of the 9th over - 0 run(s), 0 hit(s), 0 error(s), 1 left on base; Los Cabos 9 - Los Angeles 5
This league is powered by Out of the Park Baseball, the baseball management simulation game for PC, Mac and Linux
Tuesday, August 2nd, 2016 - OOTP Baseball 16.8 Build 38